 Dungeon Crawl Stone Soup version 0.23.1 (webtiles) character file.

Game seed: 8498540604930723124

15118 wolfsongas the Fighter (level 12, -5/69 HPs)
             Began as a Vine Stalker Fighter on Mar 2, 2019.
             Was a High Priest of Okawaru.
             Slain by Woodmanan's ghost (13 damage)
             ... on level 11 of the Dungeon.
             The game lasted 00:19:28 (9905 turns).

wolfsongas the Fighter (Vine Stalker Fighter)       Turns: 9905, Time: 00:19:29

Health: -5/69      AC: 16    Str: 23    XL:     12   Next: 23%
Magic:  0/13       EV:  9    Int:  8    God:    Okawaru [*****.]
Gold:   522        SH: 15    Dex: 16    Spells: 11/11 levels left

rFire    + . .     SeeInvis .   z - +8 flail "Kekiyzom" {crush, rElec rPois rN+ Str-4}
rCold    . . .     Gourm    .   c - +3 shield
rNeg     + . .     Faith    .   G - +4 ring mail {rF+}
rPois    +         Spirit   +   g - +0 helmet
rElec    +         Reflect  .   p - +1 cloak
rCorr    .         Harm     .   o - +0 pair of gloves
MR       ++...     Rnd*Tele +   s - +0 pair of boots
Stlth    +.........             r - amulet of magic regeneration
HPRegen  1.01/turn              m - ring of protection from magic
MPRegen  0.38/turn              i - ring of poison resistance

@: mighty, finesse
A: fangs 3, hooves 1, regeneration 2, teleportitis 1, magic shield, antimagic
bite, no potion heal 3, rot immunity
a: Heroism, Finesse, Renounce Religion


You were on level 11 of the Dungeon.
You worshipped Okawaru.
Okawaru was extremely pleased with you.
You were not hungry.

You visited 2 branches of the dungeon, and saw 12 of its levels.

You collected 522 gold pieces.

Inventory:

Hand Weapons
 a - a +1 war axe
 z - the +8 flail "Kekiyzom" (weapon) {crush, rElec rPois rN+ Str-4}
   (You found it on level 7 of the Dungeon)

   It inflicts extra damage upon your enemies.
   It affects your strength (-4).
   It insulates you from electricity.
   It protects you from poison.
   It protects you from negative energy.
Armour
 c - a +3 shield (worn)
 g - a +0 helmet (worn)
 l - a +0 plate armour
 o - a +0 pair of gloves (worn)
 p - a +1 cloak (worn)
 s - a +0 pair of boots (worn)
 G - a +4 ring mail of fire resistance (worn)
Jewellery
 i - a ring of poison resistance (right hand)
 m - a ring of protection from magic (left hand)
 n - an uncursed ring of flight
 r - an amulet of magic regeneration (around neck)
 x - an uncursed amulet of faith
Wands
 h - a wand of flame (14)
 u - a wand of disintegration (8)
 w - a wand of clouds (6)
 A - a wand of digging (5)
 E - a wand of paralysis (7)
Scrolls
 j - 3 scrolls of fog
 q - a scroll of remove curse
 y - 2 scrolls of magic mapping
 B - a scroll of amnesia
Potions
 b - a potion of agility
 d - 3 potions of might
 e - a potion of resistance
 k - 4 potions of brilliance
 t - a potion of lignification
 v - 5 potions of curing
 D - 3 potions of cancellation
Comestibles
 f - 25 rations


   Skills:
 + Level 10.9 Fighting
 * Level 10.5 Axes
 + Level 7.1 Armour
 + Level 7.8 Shields


You had 11 spell levels left.
You didn't know any spells.
Your spell library contained the following spells:

 Spells                   Type           Power        Failure   Level  Hunger
 Flame Tongue             Conj/Fire      #....        86%         1    ##.....
 Shock                    Conj/Air       #...         86%         1    ##.....
 Swiftness                Chrm/Air       #.......     94%         2    ###....
 Throw Flame              Conj/Fire      #.....       94%         2    ###....
 Conjure Flame            Conj/Fire      #.......     99%         3    ####...
 Inner Flame              Hex/Fire       #.......     99%         3    ####...
 Static Discharge         Conj/Air       #.......     99%         3    ####...
 Airstrike                Air            #.........   100%        4    #####..
 Sticky Flame             Conj/Fire      #.......     100%        4    #####..
 Bolt of Magma            Conj/Fire/Erth #.........   100%        5    ######.
 Fireball                 Conj/Fire      #.........   100%        5    ######.
 Iskenderun's Battlesphe  Conj/Chrm      #.......     100%        5    ######.
 Lightning Bolt           Conj/Air       #.........   100%        5    ######.
 Venom Bolt               Conj/Pois      #.........   100%        5    ######.
 Iron Shot                Conj/Erth      #.........   100%        6    #######
 Orb of Destruction       Conj           #.........   100%        7    #######
 Spellforged Servitor     Conj/Summ      #.........   100%        7    #######


Dungeon Overview and Level Annotations

Branches:
Dungeon (11/15)            Temple (1/1) D:6            Lair (0/6) D:11
    Orc: D:9-12

Altars:
Ashenzari
Cheibriados
Dithmenos
Elyvilon
Fedhas
Gozag
Hepliaklqana
Kikubaaqudgha
Makhleb
Nemelex Xobeh
Okawaru
Qazlal
Ru
Sif Muna
Trog
Uskayaw
Vehumet
Wu Jian
Xom
Yredelemnul
Zin
The Shining One

Annotations:
D:8 Gastronok
D:11 Woodmanan's ghost, journeyman TrMo


Innate Abilities, Weirdness & Mutations

You have razor-sharp teeth.
You heal very quickly.
When hurt, damage is shared between your health and your magic reserves.
Your bite disrupts and absorbs the magic of your enemies.
Potions cannot restore your health.
You are immune to rotting.
You have large cloven feet.
You are occasionally teleported next to monsters.


Message History

You kill the 11-headed hydra!
Okawaru is honoured by your kill.
You hit Woodmanan's ghost but do no damage.
You bite Woodmanan's ghost. You drain its power.
You feel invigorated.
Woodmanan's ghost is lightly damaged.
You block Woodmanan's ghost's attack.
You bludgeon Woodmanan's ghost!!
Woodmanan's ghost is heavily damaged.
You sock Woodmanan's ghost! Your bite misses Woodmanan's ghost.
Woodmanan's ghost is heavily damaged.
Woodmanan's ghost makes a sound of rattling chains.
Woodmanan's ghost hits you!!
* * * LOW HITPOINT WARNING * * *
You sock Woodmanan's ghost! You bite Woodmanan's ghost! You drain its power.
You feel invigorated.
Woodmanan's ghost is severely damaged.
You sock Woodmanan's ghost! You bite Woodmanan's ghost. You drain its power.
Woodmanan's ghost is almost destroyed.
Woodmanan's ghost hits you!!
You die...

#.#####.# ####.#
#.### #....#
#...# ###.##.#
#.#.#
#......#####.#.#
#.#.##.......#.#
# #######.#.#
#####.#^#
#@....#.#
####W#####.#
#.......##.#
###'''####.#
##.....###.#
#≈!....P##.#
#P..)..P#
#P!(...≈#
##♣...♣##


You could see Woodmanan's ghost.

Vanquished Creatures
  Erolcha (D:10)
  2 hydras (D:11)
  Erica (D:8)
  A tengu warrior (D:11)
  Sonja (D:10)
  Pikel (D:6)
  A cyclops (D:8)
  Maurice (D:9)
  2 centaur skeletons
  Psyche (D:8)
  A queen bee (D:10)
  2 hornets (D:10)
  A troll (D:10)
  Prince Ribbit (D:6)
  A hippogriff (D:10)
  Sigmund (D:2)
  12 yaks
  Menkaure (D:6)
  A soldier ant (D:10)
  A water moccasin (D:8)
  3 orc warriors
  A slave (D:6)
  2 phantoms
  2 sky beasts
  5 ogres
  6 centaurs
  Blork the orc (D:4)
  8 bullfrogs
  A scorpion (D:11)
  35 killer bees
  10 wights
  2 howler monkeys
  6 crimson imps
  A quasit (D:9)
  7 orc priests
  A bullfrog skeleton (D:10)
  5 hounds
  8 orc wizards
  Crazy Yiuf (D:3)
  Ijyb (D:4)
  5 iguanas
  Natasha (thrice) (D:3)
  3 worker ants
  2 killer bee zombies
  A hound skeleton (D:4)
  A howler monkey zombie (D:11)
  A worker ant zombie (D:8)
  Robin (D:2)
  10 gnolls
  10 adders
  A shadow imp (D:5)
  A worm (D:2)
  A dart slug (D:3)
  5 leopard geckos
  42 orcs
  A ball python (D:1)
  6 giant cockroaches
  14 goblins
  9 hobgoblins
  9 jackals
  9 kobolds
  2 quokkas (D:3)
  9 bats
  5 frilled lizards
  A giant cockroach zombie (D:5)
  A leopard gecko skeleton (D:6)
  A quokka skeleton (D:4)
  11 rats
305 creatures vanquished.

Notes
Turn   | Place    | Note
-------+----------+-------------------------------------------
     0 | D:1      | wolfsongas the Vine Stalker Fighter began the quest for the
                  | Orb.
     0 | D:1      | Reached XP level 1. HP: 11/11 MP: 2/2
   244 | D:1      | Reached XP level 2. HP: 16/16 MP: 3/3
   912 | D:2      | Noticed Robin
   955 | D:1      | Reached XP level 3. HP: 17/21 MP: 4/4
  1102 | D:2      | Killed Robin
  1252 | D:2      | Gained mutation: Your natural rate of healing is unusually
                  | fast. [Vine Stalker growth]
  1252 | D:2      | Reached XP level 4. HP: 25/26 MP: 5/5
  1402 | D:2      | Noticed Sigmund
  1425 | D:2      | Killed Sigmund
  1425 | D:2      | Reached skill level 5 in Fighting
  1425 | D:2      | Reached XP level 5. HP: 23/32 MP: 6/6
  1492 | D:2      | Reached XP level 6. HP: 35/36 MP: 7/7
  1603 | D:2      | Found a sacrificial altar of Ru.
  1765 | D:2      | Gained mutation: You are occasionally teleported next to
                  | monsters. [potion of mutation]
  1765 | D:2      | Gained mutation: You have large cloven feet. [potion of
                  | mutation]
  1819 | D:3      | Noticed Natasha
  1835 | D:3      | Killed Natasha
  1989 | D:3      | Noticed Natasha
  1995 | D:3      | Killed Natasha
  2088 | D:3      | Noticed Natasha
  2093 | D:3      | Killed Natasha
  2103 | D:3      | Found a shadowy altar of Dithmenos.
  2240 | D:3      | Found a runed translucent door.
  2241 | D:3      | Noticed Crazy Yiuf
  2272 | D:3      | Killed Crazy Yiuf
  2564 | D:4      | Noticed a phantom
  2578 | D:4      | Killed a phantom
  2578 | D:4      | Reached XP level 7. HP: 40/42 MP: 8/8
  2690 | D:4      | Noticed Blork the orc
  2690 | D:4      | Noticed Ijyb
  2701 | D:4      | Killed Ijyb
  2703 | D:4      | Killed Blork the orc
  2856 | D:4      | Found a deep blue altar of Sif Muna.
  3095 | D:5      | Entered Level 5 of the Dungeon
  3201 | D:5      | Found a sparkling altar of Nemelex Xobeh.
  3244 | D:5      | Found a shattered altar of Ashenzari.
  3254 | D:5      | Gained mutation: You have razor-sharp teeth. [Vine Stalker
                  | growth]
  3254 | D:5      | Reached XP level 8. HP: 43/47 MP: 9/9
  3804 | D:6      | Noticed Menkaure
  3810 | D:6      | Killed Menkaure
  3976 | D:6      | Noticed Prince Ribbit
  4086 | D:6      | Killed Prince Ribbit
  4119 | D:6      | Found a white marble altar of Elyvilon.
  4185 | D:6      | Found a hide-covered altar of Uskayaw.
  4310 | D:6      | Noticed Pikel
  4315 | D:6      | Reached XP level 9. HP: 40/52 MP: 8/10
  4322 | D:6      | Killed Pikel
  4322 | D:6      | Reached skill level 5 in Axes
  4376 | D:6      | Found a staircase to the Ecumenical Temple.
  4382 | Temple   | Entered the Ecumenical Temple
  4434 | Temple   | Became a worshipper of Warmaster Okawaru
  4646 | D:7      | Found an opulent altar of Gozag.
  5187 | D:7      | Reached * piety under Okawaru
  5318 | D:7      | Got a steaming flail
  5573 | D:8      | Reached skill level 5 in Shields
  5622 | D:8      | Found an ornate altar of the Wu Jian Council.
  5790 | D:8      | Noticed Erica
  5795 | D:8      | Noticed Gastronok
  5801 | D:8      | Killed Erica
  5801 | D:8      | Reached skill level 5 in Armour
  5801 | D:8      | Reached XP level 10. HP: 15/58 MP: 5/11
  5928 | D:8      | Noticed Psyche
  5944 | D:8      | Killed Psyche
  5944 | D:8      | Reached ** piety under Okawaru
  6001 | D:8      | Got a steaming trident
  6002 | D:8      | Identified the +8 flail "Kekiyzom" {crush, rElec rPois rN+
                  | Str-4} (You found it on level 7 of the Dungeon)
  6003 | D:8      | Identified the cursed +0 trident "Puwyppa" {venom, rC+
                  | Str+4} (You found it on level 8 of the Dungeon)
  6664 | D:9      | Noticed a cyclops
  6998 | D:8      | Killed a cyclops
  6998 | D:8      | Reached *** piety under Okawaru
  7367 | D:9      | Noticed Maurice
  7387 | D:9      | Killed Maurice
  7387 | D:9      | Reached **** piety under Okawaru
  7387 | D:9      | Reached skill level 10 in Fighting
  7405 | D:9      | Reached XP level 11. HP: 63/63 MP: 12/12
  8041 | D:10     | Entered Level 10 of the Dungeon
  8091 | D:10     | Noticed Sonja
  8118 | D:10     | Killed Sonja
  8243 | D:10     | Noticed Erolcha
  8255 | D:10     | Killed Erolcha
  8255 | D:10     | Reached ***** piety under Okawaru
  8611 | D:10     | Received a gift from Okawaru
  9408 | D:11     | Noticed a six-headed hydra
  9420 | D:11     | Killed a six-headed hydra
  9420 | D:11     | Reached skill level 10 in Axes
  9540 | D:11     | Noticed a tengu warrior
  9568 | D:11     | Gained mutation: You heal very quickly. [Vine Stalker
                  | growth]
  9568 | D:11     | Reached XP level 12. HP: 25/69 MP: 10/13
  9733 | D:11     | Killed a tengu warrior
  9768 | D:11     | Found a staircase to the Lair.
  9854 | D:11     | Found a runed translucent gate.
  9854 | D:11     | Found a runed translucent gate.
  9854 | D:11     | Noticed an 11-headed hydra
  9854 | D:11     | Noticed Woodmanan's ghost (journeyman TrMo)
  9855 | D:11     | Found a runed translucent gate.
  9900 | D:11     | Killed an 11-headed hydra
  9905 | D:11     | Slain by Woodmanan's ghost

Skill      XL: |  1  2  3  4  5  6  7  8  9 10 11 12 |
---------------+-------------------------------------+-----
Fighting       | 3 4 5 7 8 9 10 | 10.9
Axes           | 2 4 6 8 10 | 10.5
Shields        | 3 5 6 7 |  7.8
Armour         | 3 5 6 7 |  7.1

Action                   |  1- 3 |  4- 6 |  7- 9 | 10-12 || total
-------------------------+-------+-------+-------+-------++-------
Melee: War axe           |    65 |   135 |   270 |   575 ||  1045
       Bite              |    18 |    33 |    87 |   193 ||   331
       Kick              |       |    14 |    88 |     7 ||   109
       Unarmed           |       |     1 |       |       ||     1
       Flail             |       |       |       |    15 ||    15
Invok: Finesse           |       |       |       |     1 ||     1
Evoke: Wand              |       |       |       |     1 ||     1
  Use: Scroll            |       |    11 |    12 |     5 ||    28
       Potion            |       |     1 |     5 |     5 ||    11
 Stab: Confused          |       |       |       |     1 ||     1
  Eat: Ration            |     1 |     1 |     3 |     4 ||     9
       Chunk             |       |       |       |     1 ||     1
Armor: Scale mail        |    48 |    18 |       |       ||    66
       Plate armour      |       |    57 |   143 |   295 ||   495
       Ring mail         |       |       |       |    68 ||    68
       Skin              |       |       |       |    13 ||    13
Dodge: Dodged            |    28 |    26 |    31 |   161 ||   246
Block: Shield            |    54 |    70 |   153 |   550 ||   827
